Map: Orbital Shipyard

Players

AgCl

  • Race: Protoss Protoss

Forest - Winner!

  • Race: Protoss Protoss

VOD

Have the link to the VOD?

Description

Time

  • Played on: May 4, 2015, 8:13 p.m.
  • Length: 3:23
Show
View Real Time Build Order
Export as new Build Order

AgCl Protoss 

Build Orders:  

Get SALT Encoding   

  12  0:03  Probe  
  13  0:16  Probe  
  14  0:32  Pylon  
  14  0:35  Assimilator  
  14  0:50  Probe (Chrono Boost)  
  14  0:52  Gateway  
  15  1:03  Probe (Chrono Boost)  
  16  1:09  Probe (Chrono Boost)  
  17  1:16  Assimilator  
  17  1:18  Pylon  
  17  1:20  Probe (Chrono Boost)  
  18  1:31  Probe (Chrono Boost)  
  19  1:38  Probe (Chrono Boost)  
  20  1:41  Cybernetics Core  
  20  1:49  Probe (Chrono Boost)  
  21  1:59  Probe (Chrono Boost)  
  22  2:06  Probe  
  23  2:16  Nexus  
  23  2:19  Stargate  
  23  2:26  Mothership Core (Chrono Boost)  
Show
View Real Time Build Order
Export as new Build Order

Forest Protoss - Winner!

Build Orders:  

Get SALT Encoding   

  12  0:02  Probe  
  13  0:15  Pylon  
  13  0:18  Probe  
  14  0:33  Gateway  
  14  0:36  Probe  
  15  0:51  Pylon  
  15  0:55  Probe (Chrono Boost)  
  16  1:00  Assimilator  
  16  1:10  Gateway  
  16  1:20  Gateway  
  17  1:31  Cybernetics Core  
  16  1:35  Probe  
  17  1:50  Assimilator  
  17  1:52  Probe  
  18  1:59  Zealot (Chrono Boost)  
  20  2:04  Pylon  
  20  2:15  Stalker (Chrono Boost)  
  24  2:24  Stalker (Chrono Boost)  
  26  2:40  Zealot (Chrono Boost)  
  28  2:51  Stalker (Chrono Boost)  
Tags
 
Add a new tag
Caveats
  • Supply blocks, unpowered buildings, or Contaminate may cause inaccurate times.
  • Supply counts are checked every 10 seconds.